 Dungeon Crawl Stone Soup version 0.30-a0-389-g8d7d949f56 (webtiles) character file.

Game seed: 12025586137660130895

109 Drevant2 the Slasher (level 4, -1/34 HPs)
             Began as a Barachi Warper on Dec 3, 2022.
             Killed by divine providence
             ... invoked by an orc priest
              (13 damage)
             ... on level 3 of the Dungeon.
             The game lasted 00:05:47 (2767 turns).

Drevant2 the Slasher (Barachi Warper)               Turns: 2767, Time: 00:05:47

Health: -1/34      AC:  5    Str: 13    XL:     4   Next: 90%
Magic:  7/7        EV: 12    Int: 13    God:
Gold:   120        SH:  0    Dex: 13    Spells: 5/7 levels left

rFire   . . .      SeeInvis .    a - +0 falchion
rCold   . . .      Faith    .    (no shield)
rNeg    . . .      Spirit   .    b - +0 leather armour
rPois   .          Reflect  .    k - +0 helmet
rElec   .          Harm     .    (no cloak)
rCorr   .          Rampage  .    (no gloves)
Will    .....                    q - +0 pair of boots
Stlth   +.........               (no amulet)
HPRegen 0.25/turn                (no ring)
MPRegen 0.10/turn                (no ring)

@: slow
A: amphibious, slowness 1, strong legs 1, +LOS
a: Hop


You were on level 3 of the Dungeon.
You visited 1 branch of the dungeon, and saw 3 of its levels.

You collected 120 gold pieces.

Inventory:

Hand Weapons
 a - a +0 falchion (weapon)
Missiles
 d - 7 boomerangs of dispersal (quivered)
Armour
 b - a +0 leather armour (worn)
 k - a +0 helmet (worn)
 q - a +0 pair of boots (worn)
Jewellery
 f - a ring of wizardry
 l - a ring of flight
Scrolls
 c - a scroll of blinking
 e - a scroll of vulnerability
 j - a scroll of poison
 n - 2 scrolls of butterflies {unknown}
 s - a scroll of identify
Potions
 g - a potion of heal wounds
 h - a potion of invisibility
 i - a potion of curing
 m - a potion of haste
 o - 2 potions of lignification {unknown}
 p - a potion of mutation {unknown}
 r - a potion of berserk rage {unknown}


   Skills:
 - Level 2.4 Fighting
 * Level 5.9 Long Blades
 - Level 1.0 Throwing
 - Level 1.2 Armour
 - Level 2.1 Dodging
 - Level 2.1 Spellcasting
 - Level 3.2 Translocations


You had 5 spell levels left.
You knew the following spells:

 Your Spells              Type           Power      Damage    Failure   Level
a - Blink                 Tloc           18%        N/A       12%         2

Your spell library contained the following spells:

 Spells                   Type           Power      Damage    Failure   Level
 Lesser Beckoning         Tloc           18%        N/A       24%         3
 Teleport Other           Tloc           9%         N/A       24%         3
 Vhi's Electric Charge    Tloc/Air       10%        N/A       43%         3
 Manifold Assault         Tloc           9%         N/A       63%         4


Dungeon Overview and Level Annotations

Branches:
Dungeon (3/15)

Altars:
Wu Jian
Zin


Innate Abilities, Weirdness & Mutations

You are amphibious.
You cover ground slowly.
You can hop short distances.
You have an extended range of vision and can be seen from far away.


Message History

The orc priest looks encouraged for a moment.
An orc priest is nearby!
The orc priest looks encouraged for a moment.
The orc shouts!
There is a stone staircase leading up here.
The orc barely misses you.
The orc priest hits you from afar with a +0 trident.
You climb upwards.
There is a stone staircase leading down, spattered with blood here.
There is a stone staircase leading down here.
You climb downwards.
There is a stone staircase leading up here.
You open the door.
Found 40 gold pieces.
Found a glowing silver altar of Zin.
Found 12 gold pieces.
There is an open door here.
There is an open door here.
An endoplasm comes into view.
The endoplasm quivers.
The endoplasm freezes you.
You are frozen.
You slash the endoplasm!
You kill the endoplasm!
No target in view!
No target in view!
The orc shouts!
The orc priest shouts!
The orc hits you but does no damage. The orc hits you with a +0 trident.
The orc priest closely misses you.
You closely miss the orc.
The orc priest mumbles some strange prayers to Beogh against you.
Beogh smites you!
* * * LOW HITPOINT WARNING * * *
The orc hits you but does no damage.
The orc priest hits you with a +0 trident.
* * * LOW HITPOINT WARNING * * *
You slash the orc priest!
The orc priest is heavily wounded.
The orc priest invokes the aid of Beogh against you.
Beogh smites you!
You die...

##################...#
####........#...........#########
............#...........##.......
............#...........##.......
........................##.......
.......................###.......
#.#.........#....................
#.#............o.........#.......
#...........#...@o...#.###.......
..##........######.>##.###..o....
...#........# #....#o.##.......
##.######..## ###.#.....##<......
# ... ##..# #.o.##....#########
...... ##.##...#......# #####.#
..#o..#.....## #.# #.....#.....#
#..### ...#..#.....#


You could see an orc priest and an orc.

Vanquished Creatures
  3 gnolls (D:2)
  3 worms
  4 dart slugs
  3 orcs (D:2)
  2 ball pythons
  4 bats
  6 endoplasms
  2 giant cockroaches
  7 goblins
  10 hobgoblins
  A quokka (D:1)
  2 frilled lizards
  6 kobolds
  3 rats
56 creatures vanquished.

Vanquished Creatures (others)
  11 plants (D:2)
11 creatures vanquished.

Grand Total: 67 creatures vanquished

Notes
Turn   | Place    | Note
-------+----------+-------------------------------------------
     0 | D:1      | Drevant2 the Barachi Warper began the quest for the Orb.
     0 | D:1      | Reached XP level 1. HP: 17/17 MP: 3/3
   225 | D:1      | Reached skill level 3 in Long Blades
   329 | D:1      | Reached XP level 2. HP: 19/23 MP: 5/5
   686 | D:1      | Found a faded altar of an unknown god.
   900 | D:2      | Learned a level 2 spell: Blink
   906 | D:2      | Reached skill level 4 in Long Blades
   931 | D:2      | Reached XP level 3. HP: 28/28 MP: 6/6
  1299 | D:2      | Reached skill level 5 in Long Blades
  1299 | D:2      | Reached XP level 4. HP: 9/34 MP: 7/7
  2390 | D:3      | Found an ornate altar of the Wu Jian Council.
  2716 | D:3      | Found a glowing silver altar of Zin.
  2767 | D:3      | Killed from afar by an orc priest

Illustrated notes

Levels and vault maps discovered:
D:1:      tarquinn_simple_flora_water_e, layout_loops_cross,
          hellmonk_ecumenical_altar_prayer_group
D:2:      layout_basic, serial_bayou_pond_e, nicolae_grassy_gnolls
D:3:      minmay_octagon_keep, layout_rooms, nicolae_wu_jian_wuxing_cycle,
          zin_treasury, kennysheep_nub

Skill      XL: |  1  2  3 |
---------------+----------+-----
Long Blades    | 3 4 5 |  5.9
Fighting       | |  2.4
Throwing       | |  1.0
Armour         | |  1.2
Dodging        | |  2.1
Spellcasting   | |  2.1
Translocations | |  3.2

Action                   |  1- 3 |  4- 6 || total
-------------------------+-------+-------++-------
Melee: Falchion          |   105 |    96 ||   201
       Punch             |     1 |     1 ||     2
  Use: Potion            |     2 |     1 ||     3
       Scroll            |       |     5 ||     5
 Stab: Sleeping          |       |     1 ||     1
Armor: Leather armour    |    32 |    33 ||    65
Dodge: Dodged            |    76 |    69 ||   145

Table legend: (Time is in decaauts)
 A = Elapsed time spent in this place.
 B = Non-inter-level travel time spent in this place.
 C = Inter-level travel time spent in this place.
 D = Time resting spent in this place.
 E = Time spent auto-exploring this place.
 F = Levels seen in this place.
 G = Mean time per level.
                   A        B        C        D        E       F      G
               +--------+--------+--------+--------+--------+-----+--------+
         Total |   3175 |   2781 |    394 |    415 |   1764 |   3 | 1058.3 |
       Dungeon |   3175 |   2781 |    394 |    415 |   1764 |   3 | 1058.3 |
               +--------+--------+--------+--------+--------+-----+--------+

Top non-repeatable levels by time:
     D:2: 1507 daAuts
     D:1: 1182 daAuts
     D:3: 485 daAuts
